| TOP OF THE 1ST |
|
Baltimore Orioles batting - Pitching for Montreal Expos : RHP Steve Barrett
|
|
Pitching: RHP Steve Barrett
|
|
|
Batting: LHB Jesus Lozano
|
0-0: Ball 1-0: Ball 2-0: Ground out 5-3 (Groundball, 56S, EV 73.1 MPH)
|
|
Batting: RHB Saimei Kudo
|
0-0: Ball 1-0: Fly out, F4 (Popup, 4M, EV 62.5 MPH)
|
|
Batting: RHB Rudo Garciaparra
|
0-0: Ball 1-0: Swinging Strike 1-1: Called Strike 1-2: Foul Ball, location: 2F 1-2: Strikes out swinging
|
| Top of the 1st over - 0 runs, 0 hits, 0 errors, 0 left on base; Baltimore 0 - Montreal 0 |
| BOTTOM OF THE 1ST |
|
Montreal Expos batting - Pitching for Baltimore Orioles : LHP Randy Johnson Jr.
|
|
Pitching: LHP Randy Johnson Jr.
|
|
|
Batting: RHB John Ham
|
0-0: Ball 1-0: Foul Ball, location: 2F 1-1: SINGLE (Line Drive, 9S, EV 103.8 MPH)
|
|
Batting: RHB Hugo Bautista
|
0-0: Called Strike 0-1: Swinging Strike 0-2: Foul Ball, location: 2F 0-2: Ball 1-2: Ball 2-2: Foul Ball, location: 2F 2-2: SINGLE (Groundball, 34, EV 106.9 MPH) John Ham to second Runner from 2nd tries for 3rd, SAFE, throw by RF made to third
|
|
Batting: RHB Mike Salmon
|
0-0: Called Strike 0-1: Fly out, F9 (Flyball, 9, EV 88.1 MPH)
|
|
Batting: LHB Austin Ohmer
|
0-0: Ball 1-0: Called Strike 1-1: Ball 2-1: Ball 3-1: Foul Ball, location: 2F 3-2: Fly out, F9 (Flyball, 9S, EV 85.0 MPH)
|
|
Batting: RHB Robby Juarez
|
0-0: Ball 1-0: Ball 2-0: Ball 3-0: Base on Balls Hugo Bautista to second
|
|
Batting: RHB Steve French
|
0-0: Called Strike 0-1: Ball 1-1: Fielders Choice at 2nd, 6-4 (Groundball, 6, EV 101.9 MPH)
|
| Bottom of the 1st over - 0 runs, 2 hits, 0 errors, 3 left on base; Baltimore 0 - Montreal 0 |
| TOP OF THE 2ND |
|
Baltimore Orioles batting - Pitching for Montreal Expos : RHP Steve Barrett
|
|
Batting: RHB Marc Peckermark
|
0-0: Ball 1-0: SINGLE (Line Drive, 4D, EV 102.5 MPH)
|
|
Batting: SHB Jason Hayes
|
0-0: SINGLE (Groundball, 34D, EV 108.1 MPH) Marc Peckermark to second Runner from 2nd tries for 3rd, OUT! 9-5
|
|
Batting: LHB Gabe Pace
|
0-0: Called Strike 0-1: Ball 1-1: Foul Ball, location: 2F 1-2: Foul Ball, location: 2F 1-2: Ball 2-2: Ball 3-2: Strikes out looking Jason Hayes is caught stealing 2nd base 2-6 Batter strikes out.
|
| Top of the 2nd over - 0 runs, 2 hits, 0 errors, 0 left on base; Baltimore 0 - Montreal 0 |
| BOTTOM OF THE 2ND |
|
Montreal Expos batting - Pitching for Baltimore Orioles : LHP Randy Johnson Jr.
|
|
Batting: RHB Eugênio Asceno
|
0-0: Called Strike 0-1: Called Strike 0-2: Ball 1-2: Strikes out swinging
|
|
Batting: RHB Danny Diaz
|
0-0: Ball 1-0: Ball 2-0: Ball 3-0: Called Strike 3-1: Foul Ball, location: 2F 3-2: Foul Ball, location: 2F 3-2: Base on Balls
|
|
Batting: SHB Pete Barutha
|
0-0: Ball 1-0: Foul Ball, location: 2F 1-1: Foul Ball, location: 2F 1-2: Ball 2-2: Strikes out swinging
|
|
Batting: RHB John Ham
|
0-0: Fielders Choice at 2nd, U6 (Groundball, 6M, EV 97.5 MPH)
|
| Bottom of the 2nd over - 0 runs, 0 hits, 0 errors, 1 left on base; Baltimore 0 - Montreal 0 |
| TOP OF THE 3RD |
|
Baltimore Orioles batting - Pitching for Montreal Expos : RHP Steve Barrett
|
|
Batting: RHB Blake Ballard
|
0-0: Ground out 6-3 (Groundball, 6, EV 78.8 MPH)
|
|
Batting: SHB Robert Handy
|
0-0: Ball 1-0: Called Strike 1-1: Called Strike 1-2: Ball 2-2: Strikes out swinging
|
|
Batting: RHB Mike Hayward
|
0-0: Called Strike 0-1: Ball 1-1: Swinging Strike 1-2: Ball 2-2: Strikes out swinging
|
| Top of the 3rd over - 0 runs, 0 hits, 0 errors, 0 left on base; Baltimore 0 - Montreal 0 |
| BOTTOM OF THE 3RD |
|
Montreal Expos batting - Pitching for Baltimore Orioles : LHP Randy Johnson Jr.
|
|
Batting: RHB Hugo Bautista
|
0-0: Ball 1-0: Called Strike 1-1: Ball 2-1: Swinging Strike 2-2: Ball 3-2: Foul Ball, location: 2F 3-2: Strikes out swinging
|
|
Batting: RHB Mike Salmon
|
0-0: Ball 1-0: Foul Ball, location: 2F 1-1: Ground out 4-3 (Groundball, 4, EV 104.4 MPH)
|
|
Batting: LHB Austin Ohmer
|
0-0: Ball 1-0: Swinging Strike 1-1: Swinging Strike 1-2: Ball 2-2: Ball 3-2: Fly out, F5 (Popup, 6S, EV 76.9 MPH)
|
| Bottom of the 3rd over - 0 runs, 0 hits, 0 errors, 0 left on base; Baltimore 0 - Montreal 0 |
| TOP OF THE 4TH |
|
Baltimore Orioles batting - Pitching for Montreal Expos : RHP Steve Barrett
|
|
Batting: LHB Jesus Lozano
|
0-0: Ball 1-0: Ball 2-0: Called Strike 2-1: Ground out 6-3 (Groundball, 6, EV 87.5 MPH)
|
|
Batting: RHB Saimei Kudo
|
0-0: Ball 1-0: SOLO HOME RUN (Flyball, 9D, EV 96.9 MPH), Distance : 376 ft
|
|
Batting: RHB Rudo Garciaparra
|
0-0: Foul Ball, location: 2F 0-1: Swinging Strike 0-2: Ball 1-2: Fly out, F8 (Flyball, 8LXD, EV 99.4 MPH)
|
|
Batting: RHB Marc Peckermark
|
0-0: Called Strike 0-1: SINGLE (Groundball, 56D, EV 101.2 MPH)
|
|
Batting: SHB Jason Hayes
|
0-0: Foul Ball, location: 2F 0-1: Ground out 1-3 (Groundball, 34S, EV 73.8 MPH)
|
| Top of the 4th over - 1 run, 2 hits, 0 errors, 1 left on base; Baltimore 1 - Montreal 0 |
| BOTTOM OF THE 4TH |
|
Montreal Expos batting - Pitching for Baltimore Orioles : LHP Randy Johnson Jr.
|
|
Batting: RHB Robby Juarez
|
0-0: Ball 1-0: Ball 2-0: Ball 3-0: Base on Balls
|
|
Batting: RHB Steve French
|
0-0: Ball 1-0: Ball 2-0: Foul Ball, location: 2F 2-1: SINGLE (Groundball, 56, EV 95.6 MPH) Robby Juarez to second
|
|
Batting: RHB Eugênio Asceno
|
0-0: Called Strike Steve French steals 2nd base Robby Juarez steals 3rd base 0-1: Ball 1-1: Swinging Strike 1-2: Foul Ball, location: 2F 1-2: Fly out, F9 (Line Drive, 9S, EV 87.5 MPH)
|
|
Batting: RHB Danny Diaz
|
0-0: Ground out 6-3 (Groundball, 6S, EV 83.1 MPH) Robby Juarez scores
|
|
Batting: SHB Pete Barutha
|
0-0: Ball 1-0: Swinging Strike 1-1: Swinging Strike 1-2: Foul Ball, location: 2F 1-2: Strikes out looking
|
| Bottom of the 4th over - 1 run, 1 hit, 0 errors, 1 left on base; Baltimore 1 - Montreal 1 |
| TOP OF THE 5TH |
|
Baltimore Orioles batting - Pitching for Montreal Expos : RHP Steve Barrett
|
|
Batting: LHB Gabe Pace
|
0-0: Bunt for hit to 13S - play at first, batter OUT! 1-3
|
|
Batting: RHB Blake Ballard
|
0-0: Called Strike 0-1: Ball 1-1: Ball 2-1: Ground out U3 (Groundball, 3, EV 87.5 MPH)
|
|
Batting: SHB Robert Handy
|
0-0: Ball 1-0: Foul Ball, location: 2F 1-1: Fly out, F9 (Flyball, 89S, EV 86.9 MPH)
|
| Top of the 5th over - 0 runs, 0 hits, 0 errors, 0 left on base; Baltimore 1 - Montreal 1 |
| BOTTOM OF THE 5TH |
|
Montreal Expos batting - Pitching for Baltimore Orioles : LHP Randy Johnson Jr.
|
|
Batting: RHB John Ham
|
0-0: DOUBLE (Groundball, 5L, EV 101.2 MPH)
|
|
Batting: RHB Hugo Bautista
|
0-0: Called Strike 0-1: Called Strike 0-2: Ball 1-2: Strikes out swinging
|
|
Batting: RHB Mike Salmon
|
0-0: Ball 1-0: Ball 2-0: Ball 3-0: Base on Balls
|
|
Batting: LHB Austin Ohmer
|
0-0: Ball 1-0: SINGLE (Flyball, 6MD, EV 90.6 MPH) John Ham to third Mike Salmon to second
|
|
Batting: RHB Robby Juarez
|
0-0: SINGLE (Groundball, 6MD, EV 110.0 MPH) (infield hit) John Ham scores Mike Salmon to third Austin Ohmer to second
|
|
Batting: RHB Steve French
|
0-0: Fielders Choice at 2nd, 3-6 (Groundball, 3, EV 90.0 MPH) Mike Salmon scores Austin Ohmer to third
|
|
Batting: RHB Eugênio Asceno
|
0-0: Ball 1-0: Called Strike 1-1: Ball 2-1: Ball 3-1: Base on Balls Steve French to second
|
|
Batting: RHB Danny Diaz
|
0-0: Fly out, F8 (Line Drive, 8RS, EV 88.8 MPH)
|
| Bottom of the 5th over - 2 runs, 3 hits, 0 errors, 3 left on base; Baltimore 1 - Montreal 3 |
| TOP OF THE 6TH |
|
Baltimore Orioles batting - Pitching for Montreal Expos : RHP Steve Barrett
|
|
Batting: RHB Mike Hayward
|
0-0: Called Strike 0-1: Foul Ball, location: 2F 0-2: Fly out, F8 (Flyball, 8RXD, EV 105.0 MPH)
|
|
Batting: LHB Jesus Lozano
|
0-0: Foul Ball, location: 2F 0-1: Ball 1-1: Swinging Strike 1-2: SOLO HOME RUN (Flyball, 9D, EV 96.2 MPH), Distance : 357 ft
|
|
Batting: RHB Saimei Kudo
|
0-0: Called Strike 0-1: Swinging Strike 0-2: Ball 1-2: Ball 2-2: Ball 3-2: Foul Ball, location: 2F 3-2: Strikes out swinging, 2-3 out at first.
|
|
Batting: RHB Rudo Garciaparra
|
0-0: Called Strike 0-1: Ball 1-1: Foul Ball, location: 2F 1-2: DOUBLE (Line Drive, 89M, EV 110.0 MPH)
|
|
Batting: RHB Marc Peckermark
|
0-0: Ball 1-0: Ground out 3-1 (Groundball, 34, EV 87.5 MPH)
|
| Top of the 6th over - 1 run, 2 hits, 0 errors, 1 left on base; Baltimore 2 - Montreal 3 |
| BOTTOM OF THE 6TH |
|
Montreal Expos batting - Pitching for Baltimore Orioles : LHP Randy Johnson Jr.
|
|
Batting: SHB Pete Barutha
|
0-0: Ball 1-0: Called Strike 1-1: SINGLE (Line Drive, 56, EV 95.6 MPH)
|
|
Pitching: RHP Terry Huffmaster
|
|
|
Batting: RHB John Ham
|
0-0: Called Strike 0-1: Called Strike Pete Barutha steals 2nd, throwing error, E2 Pete Barutha to third 0-2: Foul Ball, location: 2F 0-2: Ball 1-2: Foul Ball, location: 2F 1-2: Ball 2-2: Foul Ball, location: 2F 2-2: Foul Ball, location: 2F 2-2: Fly out, F7 (Flyball, 7S, EV 90.0 MPH)
|
|
Batting: RHB Hugo Bautista
|
0-0: Foul Ball, location: 2F 0-1: Ball 1-1: Ball 2-1: Ball 3-1: Foul Ball, location: 2F 3-2: Base on Balls
|
|
Batting: RHB Mike Salmon
|
0-0: Ball 1-0: DOUBLE (Flyball, 89D, EV 105.0 MPH) Pete Barutha scores Hugo Bautista to third Runner from 3rd tries for Home, SAFE, no throw by CF
|
|
Batting: LHB Austin Ohmer
|
0-0: Ball 1-0: Ball 2-0: Fly out, F8 (Flyball, 8LD, EV 81.9 MPH) Runner from 2nd tags up, SAFE at 3rd with throw by CF
|
|
Batting: RHB Robby Juarez
|
0-0: Ball 1-0: Foul Ball, location: 2F 1-1: Ball 2-1: Fly out, F3 (Popup, 3S, EV 73.1 MPH)
|
| Bottom of the 6th over - 2 runs, 2 hits, 1 error, 1 left on base; Baltimore 2 - Montreal 5 |
| TOP OF THE 7TH |
|
Baltimore Orioles batting - Pitching for Montreal Expos : RHP Steve Barrett
|
|
Batting: SHB Jason Hayes
|
0-0: Ball 1-0: Called Strike 1-1: Ball 2-1: Swinging Strike 2-2: Strikes out swinging
|
|
Batting: LHB Gabe Pace
|
0-0: Ball 1-0: Ball 2-0: Foul Ball, location: 2F 2-1: Ball 3-1: Base on Balls
|
|
Batting: RHB Blake Ballard
|
0-0: Ball 1-0: Ball 2-0: Called Strike 2-1: SINGLE (Line Drive, 5D, EV 95.6 MPH) Gabe Pace to second
|
|
Batting: SHB Robert Handy
|
0-0: Ball 1-0: Foul Ball, location: 2F 1-1: Foul Ball, location: 2F 1-2: Strikes out swinging
|
|
Batting: RHB Mike Hayward
|
0-0: Ball 1-0: Ball 2-0: Fly out, F8 (Flyball, 8LD, EV 89.4 MPH)
|
| Top of the 7th over - 0 runs, 1 hit, 0 errors, 2 left on base; Baltimore 2 - Montreal 5 |
| BOTTOM OF THE 7TH |
|
Montreal Expos batting - Pitching for Baltimore Orioles : RHP Terry Huffmaster
|
|
Batting: RHB Steve French
|
0-0: Fly out, F7 (Flyball, 7, EV 88.1 MPH)
|
|
Batting: RHB Eugênio Asceno
|
0-0: Called Strike 0-1: Ball 1-1: Foul Ball, location: 2F 1-2: Ball 2-2: Ground out 5-3 (Groundball, 56S, EV 81.9 MPH)
|
|
Batting: RHB Danny Diaz
|
0-0: Called Strike 0-1: Ball 1-1: Fly out, F7 (Flyball, 7, EV 91.9 MPH)
|
| Bottom of the 7th over - 0 runs, 0 hits, 0 errors, 0 left on base; Baltimore 2 - Montreal 5 |
| TOP OF THE 8TH |
|
Baltimore Orioles batting - Pitching for Montreal Expos : RHP Steve Barrett
|
|
Batting: LHB Jesus Lozano
|
0-0: Called Strike 0-1: Ball 1-1: Ball 2-1: Called Strike 2-2: Strikes out swinging
|
|
Batting: RHB Saimei Kudo
|
0-0: Called Strike 0-1: Foul Ball, location: 2F 0-2: Strikes out swinging
|
|
Batting: RHB Rudo Garciaparra
|
0-0: Called Strike 0-1: Ground out U3 (Groundball, 34, EV 88.1 MPH)
|
| Top of the 8th over - 0 runs, 0 hits, 0 errors, 0 left on base; Baltimore 2 - Montreal 5 |
| BOTTOM OF THE 8TH |
|
Montreal Expos batting - Pitching for Baltimore Orioles : RHP Terry Huffmaster
|
|
Batting: SHB Pete Barutha
|
0-0: Foul Ball, location: 2F 0-1: SINGLE (Groundball, 4, EV 96.9 MPH)
|
|
Batting: RHB John Ham
|
0-0: Ball 1-0: Swinging Strike 1-1: Swinging Strike 1-2: Hit by Pitch Pete Barutha to second
|
|
Batting: RHB Hugo Bautista
|
0-0: Called Strike 0-1: Ball 1-1: Called Strike 1-2: Strikes out swinging
|
|
Batting: RHB Mike Salmon
|
0-0: Called Strike 0-1: Ball 1-1: Foul Ball, location: 2F 1-2: Ball 2-2: Fly out, F7 (Flyball, 7S, EV 88.8 MPH)
|
|
Batting: LHB Austin Ohmer
|
0-0: Ball 1-0: Foul Ball, location: 2F 1-1: Ball 2-1: Ball 3-1: Foul Ball, location: 2F 3-2: Base on Balls Pete Barutha to third John Ham to second
|
|
Pitching: LHP Katsumi Omura
|
|
|
Batting: RHB Robby Juarez
|
0-0: Called Strike 0-1: Foul Ball, location: 2F 0-2: Strikes out swinging
|
| Bottom of the 8th over - 0 runs, 1 hit, 0 errors, 3 left on base; Baltimore 2 - Montreal 5 |
| TOP OF THE 9TH |
|
Baltimore Orioles batting - Pitching for Montreal Expos : RHP Steve Barrett
|
|
Pitching: RHP Joel Montenegro
|
|
|
Batting: RHB Marc Peckermark
|
0-0: Foul Ball, location: 2F 0-1: Foul Ball, location: 2F 0-2: SINGLE (Line Drive, 4D, EV 99.4 MPH)
|
|
Batting: SHB Jason Hayes
|
0-0: Ball 1-0: Ball 2-0: Fly out, F9 (Flyball, 89D, EV 99.4 MPH)
|
|
Batting: LHB Gabe Pace
|
0-0: Fielders Choice at 2nd, 6-4 (Groundball, 6, EV 85.6 MPH)
|
|
Batting: RHB Blake Ballard
|
0-0: Ball 1-0: Foul Ball, location: 2F 1-1: Foul Ball, location: 2F 1-2: Ball 2-2: Foul Ball, location: 2F 2-2: Ground out U3 (Groundball, 3S, EV 88.8 MPH)
|
| Top of the 9th over - 0 runs, 1 hit, 0 errors, 1 left on base; Baltimore 2 - Montreal 5 |
|